Cogmind - Beta 16 @@@ ROGUE MODE // 2026.01.02 @ 09:06:10 Player: PDX-G8 Result: Destroyed by G-47 Trooper with Particle Gun Performance ------------- Evolutions (0) 0 Regions Visited (1) 200 Robots Destroyed (12) 60 Value Destroyed (320) 320 Prototype IDs (0) 0 Alien Tech Used (0) 0 Bonus (0) 0 TOTAL SCORE: 580 Bonus ------- None Cogmind --------- Core Integrity 0/250 Matter 275/300 Energy 100/100 System Corruption 3% Temperature Cool (9) Movement Core (200) Ox3 Location -10/Materials Parts ------- > --- POWER (1) -------- (None) > --- PROPULSION (2) --- (None) > --- UTILITY (2) ------ Medium Storage Unit Targeting Computer > --- WEAPON (2) ------- Mining Claw > --- INVENTORY (10) --- Ion Engine Light Ion Engine Compact Wheel Small Storage Unit Large Matter Pod (41) Structural Scanner Structural Scanner Visual Processing Unit Grenade Launcher Peak State ------------ > --- POWER ------------ Ion Engine > --- PROPULSION ------- Compact Wheel Compact Wheel > --- UTILITY ---------- Medium Storage Unit Targeting Computer > --- WEAPON ----------- Assault Rifle Assault Rifle > --- INVENTORY -------- Ion Engine Light Ion Engine Compact Wheel Small Storage Unit Large Matter Pod Structural Scanner Visual Processing Unit Grenade Launcher Mining Claw [Rating: 8] Favorites ----------- Power Ion Engine Engine Ion Engine Propulsion Compact Wheel Wheel Compact Wheel Utility Targeting Computer Storage Medium Storage Unit Processor Targeting Computer Weapon Assault Rifle Ballistic Gun Assault Rifle Slashing Weapon Mining Claw Build | -11 -10 ------- Run | Yrd Mat Slots Evolved . | . . Power . | . . Propulsion . | . . Utility . | . . Weapon . | . . Parts Attached 14 | 7 7 Power 3 | 2 1 Engine 3 | 2 1 Core . | . . Reactor . | . . Propulsion 4 | 2 2 Treads . | . . Leg . | . . Wheel 4 | 2 2 Hover . | . . Flight . | . . Utility 3 | 1 2 Device . | . . Storage 2 | 1 1 Processor 1 | . 1 Hackware . | . . Protection . | . . Artifact . | . . Weapon 4 | 2 2 Energy Gun . | . . Energy Cannon . | . . Ballistic Gun 3 | 2 1 Ballistic Cannon . | . . Launcher . | . . Special Weapon . | . . Impact Weapon . | . . Slashing Weapon 1 | . 1 Piercing Weapon . | . . Special Melee Weapon . | . . Unidentified Prototypes . | . . Parts Lost 6 | . 6 Power 1 | . 1 Propulsion 2 | . 2 Utility . | . . Weapon 3 | . 3 Highest Loss Streak 5 | . 5 To Critical Strikes . | . . Average Backups 6 | 2 6 Power 1 | . 1 Propulsion . | . . Utility 2 | . 2 Weapon 1 | 1 1 Tool/Special . | . . Unused Backups 6 | . 6 Power . | . . Propulsion 1 | . 1 Utility 4 | . 4 Weapon 1 | . 1 Tool/Special . | . . Average Slot Usage (%) 92 | . 92 Engine 12 | . 12 Wheel 24 | . 24 Storage 14 | . 14 Processor 13 | . 13 Ballistic Gun 24 | . 24 Slashing Weapon 1 | . 1 Peak Build Rating 8 | 6 8 Average Rating 6 | 4 6 On Entrance 3 | . 6 Avg Prop Armor Cover (%) . | . . Naked Turns . | . . Heaviest Build 19 | 14 19 Greatest Support 32 | 32 32 Greatest Overweight (x) 5 | . 5 Average Overweight (x) . | . . Largest Inventory Capacity 10 | 8 10 Average Capacity 9 | 7 9 Most Carried 10 | 4 10 Average Carried 6 | 2 6 Final Capacity 10 | 8 10 Final Carried 9 | 2 9 Class Distribution -------------------- 100% | Mutant Dominant Class ---------------- Mutant | -10/Materials Resources | -11 -10 ----------- Run | Yrd Mat Matter Collected 550 | 146 404 Remotely . | . . Salvage Created 473 | . 473 Parts 22 | . 22 Haulers Intercepted 1 | . 1 Recyclers Shooed 1 | . 1 Parts Field Recycled . | . . Retrieved Matter . | . . Parts Self-Destructed . | . . Prevented . | . . Parts Restored . | . . Kills | -11 -10 ------- Run | Yrd Mat Combat Hostiles Destroyed 7 | . 7 Melee 1 | . 1 Guns 6 | . 6 Classes Destroyed 4 | . 4 Hauler 1 | . 1 Recycler 1 | . 1 Watcher 3 | . 3 Grunt 7 | . 7 Best Kill Streak 4 | . 4 Combat Bots Only 3 | . 3 Max Kills in Single Turn 1 | . 1 Gunslinging . | . . Exploded . | . . Melee 1 | . 1 Uniques/NPCs Destroyed . | . . Combat | -11 -10 -------- Run | Yrd Mat Hostile Shots Fired 88 | . 88 Missed 22 | . 22 Hits 66 | . 66 Projectile 66 | . 66 Critical Strikes 2 | . 2 Damage Taken 898 | . 898 Core 264 | . 264 Absorbed by Shields . | . . Core Remaining (%) 100 | 100 . Volleys Fired 38 | . 38 Largest 2 | . 2 Hottest 40 | . 40 Shots Fired 75 | . 75 Gun 75 | . 75 Cannon . | . . Launcher . | . . Special . | . . Kinetic 75 | . 75 Thermal . | . . Explosive . | . . Electromagnetic . | . . Robot Hit Streak 11 | . 11 Robot Miss Streak 2 | . 2 Penetration Max . | . . Secondary Targets 1 | . 1 Max Gunslinging Chain 1 | . 1 Shots Hit Robots 63 | . 63 Core Hits 23 | . 23 Critical Kills . | . . Critical Parts Destroyed 1 | . 1 Critical Strikes 1 | . 1 Destroy 1 | . 1 Melee Attacks 15 | . 15 Impact . | . . Slashing 15 | . 15 Piercing . | . . Sneak Attacks . | . . Combat Hostiles . | . . Follow-up Attacks . | . . Damage Inflicted 886 | . 886 Guns 670 | . 670 Cannons . | . . Explosions . | . . Melee 216 | . 216 Ramming . | . . Kinetic 670 | . 670 Thermal . | . . Explosive . | . . Electromagnetic . | . . Impact . | . . Slashing 216 | . 216 Piercing . | . . Highest Corruption 3 | . 3 Average Corruption 2 | . 2 Corruption Purged . | . . Corruption Blocked . | . . Effects 3 | . 3 Matter Fused 1 | . 1 Heat Flow Errors 1 | . 1 Energy Discharges 1 | . 1 Overload Shots . | . . Overflow Damage 9 | . 9 Projectiles . | . . Explosions . | . . Melee 9 | . 9 Knockbacks . | . . Impact . | . . Kinetic . | . . Secondary . | . . Self-Inflicted Damage . | . . Shots . | . . Rammed . | . . Targets Rammed . | . . Kicked . | . . Crushed . | . . Highest Temperature 250 | . 250 Average Temperature 49 | . 49 Received Heat Transfer 534 | . 534 Siege Activations . | . . Martial Activations . | . . Shielding Activations . | . . Robots Disrupted . | . . Combat Hostiles . | . . Robots Corrupted . | . . Combat Hostiles . | . . Parts Fried . | . . Impact Corruptions . | . . Robots Melted . | . . Combat Hostiles . | . . Parts Melted . | . . Heat Transferred . | . . Parts Sabotaged . | . . Parts Stolen . | . . Parts Stripped . | . . Power Chain Reactions . | . . Alert | -11 -10 ------- Run | Yrd Mat Maximum Alert Level . | . . Low Security (%) 100 | 100 100 Level 1 . | . . Level 2 . | . . Level 3 . | . . Level 4 . | . . Level 5 . | . . High Security . | . . Max Security . | . . Peak Influence 83 | . 83 Initial . | . . Average 30 | . 34 Influence Increases 219 | . 219 Destroy 0b10 Robot/C 140 | . 140 Destroy 0b10 Robot/NC 25 | . 25 Destroy Leader 38 | . 38 Destroy Structure 1 | . 1 Lose Combat Pursuer 15 | . 15 Influence Decreases 219 | . 219 Time Decay 159 | . 159 Lost Part 60 | . 60 Squads Dispatched 1 | . 1 Investigation . | . . Extermination . | . . Reinforcement 1 | . 1 Assault . | . . Garrison . | . . Intercept . | . . Searches Triggered . | . . Construction Impeded . | . . Haulers Reinforced . | . . Active Scanning Responses . | . . Cargo Convoy Interrupts . | . . Stealth | -11 -10 --------- Run | Yrd Mat Distress Signals 2 | . 2 Communications Jammed . | . . Distress Signals . | . . Times Spotted 14 | . 14 Peak Tracking Total 4 | . 4 Tactical Retreats 1 | . 1 Traps | -11 -10 ------- Run | Yrd Mat Traps Triggered 2 | . 2 Indirectly . | . . Trap Hack Attempts . | . . Triggered . | . . Disarmed . | . . Reprogrammed . | . . Reused . | . . Traps Extracted . | . . Installed . | . . Triggered . | . . Machines | -11 -10 ---------- Run | Yrd Mat Machines Disabled . | . . Max in Single Turn . | . . Machines Repaired . | . . Machines Dismantled . | . . Machines Sabotaged . | . . Overloaded Fab Kills . | . . Hacking | -11 -10 --------- Run | Yrd Mat Machines Accessed 1 | . 1 Terminals . | . . Fabricators . | . . Repair Stations . | . . Recycling Units 1 | . 1 Scanalyzers . | . . Garrison Access . | . . Total Hacks 3 | . 3 Successful 2 | . 2 Failed 1 | . 1 Catastrophic . | . . Database Lockouts . | . . Manual 2 | . 2 Terminals . | . . Fabricators . | . . Repair Stations . | . . Recycling Units 3 | . 3 Scanalyzers . | . . Garrison Access . | . . Terminal Hacks . | . . Fabricator Hacks . | . . Repair Station Hacks . | . . Recycling Unit Hacks 1 | . 1 Report Inventory 1 | . 1 Scanalyzer . | . . Garrison Access Hacks . | . . Unauthorized Hacks 1 | . 1 Terminals . | . . Fabricators . | . . Repair Stations . | . . Recycling Units 1 | . 1 Monitor 1 | . 1 Scanalyzers . | . . Garrison Access . | . . Data Cores Recovered . | . . Used . | . . Hacking Detections . | . . Full Trace Events . | . . Feedback Events . | . . Feedback Blocked . | . . Robot Schematics Acquired . | . . Robots Built . | . . Authchips . | . . Time . | . . Total Robot Build Rating . | . . Part Schematics Acquired . | . . Parts Built . | . . Authchips . | . . Time . | . . Total Part Build Rating . | . . Part Studies Acquired . | . . Parts Repaired . | . . Time . | . . Parts Recycled . | . . Recycled Matter . | . . Retrieved Matter . | . . Retrieved Components . | . . Parts Scanalyzed . | . . Part Schematics Acquired . | . . Parts Damaged . | . . Bothacking | -11 -10 ------------ Run | Yrd Mat Used RIF Installer . | . . Robots Hacked . | . . Non-combat . | . . Combat . | . . Robot Hacks Applied . | . . Relay Couplers Released . | . . Fabnet Peak Effective % . | . . Robots Rewired . | . . Allies Hacked . | . . Hacks Repelled . | . . Allies | -11 -10 -------- Run | Yrd Mat Total Allies . | . . Largest Group . | . . Highest-Rated Group . | . . Highest-Rated Ally . | . . Total Orders . | . . Ally Attacks . | . . Total Damage . | . . Kills . | . . Allies Corrupted . | . . Allies Melted . | . . Intel | -11 -10 ------- Run | Yrd Mat Active Infowar (turns) . | . . Robot Analysis Total . | . . Derelict Logs Recovered . | . . Drone Launches . | . . Drone Recoveries . | . . Exploration | -11 -10 ------------- Run | Yrd Mat Turns Passed 502 | 52 450 Spaces Moved 307 | 42 265 Core 13 | 6 7 Treads . | . . Legs . | . . Wheels 294 | 36 258 Hover . | . . Flight . | . . Fastest Speed 50 | 50 80 Average Speed 95 | 92 96 Slowest Speed 300 | 100 300 Overloaded Moves . | . . Propulsion Burnouts . | . . Robots Hopped . | . . Potential Cave-ins . | . . Cave-ins Triggered . | . . Exploration Rate (%) 22 | 4 40 Regions Visited 1 Branch Regions . Pre-discovered Areas . | . . Known Exits Taken . | . . Unknown Exits Taken 1 | 1 . Scrap Searched . | . . Spaces Dug . | . . Terrain Destroyed . | . . Melee . | . . Projectile . | . . AOE . | . . Terrain Rammed . | . . Walls Destroyed . | . . Machines Disabled . | . . Actions | -11 -10 --------- Run | Yrd Mat Total 408 | 52 356 Wait 21 | 1 20 Move 306 | 41 265 Hop . | . . Pick Up 11 | 3 8 Fast Attach 5 | 4 1 Attach 4 | 2 2 Detach . | . . Swap 6 | 1 5 Drop 2 | . 2 Fire 38 | . 38 Melee 15 | . 15 Ram . | . . Kick . | . . Crush . | . . Escape Stasis . | . . Rewire . | . . Trap . | . . Miscellaneous . | . . Route ------- -11/Scrapyard -10/Materials (discovered 1 exit: [*Min]) History --------- Turn | Location | Event 2 | -11/Scrapyard | Met Revision 17 29 | -11/Scrapyard | Discovered new exit (range 15) 53 | -11/Scrapyard | Entered Materials 308 | -10/Materials | Build established: Mutant 317 | -10/Materials | Discovered new exit (range 13) 461 | -10/Materials | Core integrity fell below 50% 488 | -10/Materials | Core integrity fell below 20% 500 | -10/Materials | Lost 5 parts (1p2n2w) 503 | -10/Materials | Destroyed by G-47 Trooper with Particle Gun Last Messages --------------- System corrupted: Energy discharge (-67). K-01 Serf collects debris. K-01 Serf cleans the Machine. Assault Rifle destroyed. >> MONITOR: Recycling Unit M002 accepting Particle Gun (90%). Wheel destroyed. >> MONITOR: Recycling Unit M002 accepting Lgt. Ion Engine (57%). >> MONITOR: Recycling Unit M002 accepting Com. Wheel (3%). >> MONITOR: Recycling Unit M002 accepting Hover Unit (96%). R-06 Scavenger collects Heat Sink. Assault Rifle destroyed. Destroyed Heat Sink. G-34 Mercenary destroyed. Wheel destroyed. Ion Engine destroyed. R-06 Scavenger collects Aluminum Leg. >> MONITOR: Recycling Unit M001 accepting Com. Wheel (46%). >> MONITOR: Recycling Unit M001 accepting Ion Engine (93%). >> MONITOR: Recycling Unit M001 accepting Lrg. Matter Pod (100%). >> MONITOR: Recycling Unit M001 accepting Heat Sink (83%). Map ----- +----------------------------------------------------+ | #####????????????????????????????????????????????? | | #???????????????????????????????????????????? | | """" #???????????????????????????????????????????? | | """" #???????????????????????????????????????????? | | """" #???????????????????????????????????????????? | | """" #??##############???????????????????????????? | | """" #??# ###+####????????????????????? | | #??# ####?????????????????? | | #??# ^?????????????????? | | +#####??# ????????????????? | | #????# == ^ ????????????????? | | ############## = ! ????????????????? | | " + # "?????????????????? | | ##### # ""?????????????????? | | #???# [[] + "?????????????????? | | %###???# [[] # ????????????????? | | #?????# [] # ! ?????????????????? | | #?????# # ?????????????????? | | #?????# " " ###############??????????????????? | | #?????# "R" ## #?????????????????????????? | | #?????#! """ ## ! #?????????????????????????? | | #?????########### #?????????????????????????? | | #???????????????# ! #?????????????????????????? | | ###?????????????# #######???????????????????? | | ##################+## g #???????????????????? | | ^ @ #???????????????????? | | [ #???????????????????? | | [ #???????????????????? | | ####### ### #???????????????????? | | #?????# #?# ##???????????????????? | | #?????# #?# #????????????????????? | | #?????# #?# #????????????????????? | | #?????# #?# %#????????????????????? | | #######+### #### ##???????????????????? | | #[ # #""" #???????????????????? | | # """ # #" #???????????????????? | | # """"" + #"| #???????????????????? | | # """"" # #"" < #???????????????????? | | # """"" ## #"! #???????????????????? | | + """ ## #" #???????????????????? | | # ## ^#""" r #???????????????????? | | # ## #### ##???????????????????? | | ############ ############ ####????? | | ???????????# # | | ???????????# # | | ??????????? = # | | ???????????? ####################### # | | ???????????? #?????????????????????????? | | ????????????######## ??????????????????????????? | | ???????????????????# ???????????????????????????? | +----------------------------------------------------+ Best States ------------- Heat Dissipation 25 Energy Generation 10 Energy Capacity 250 Matter Stores 300 Matter Capacity 300 Sight Range 16 Terrain Scan Density 10 Evasion (%) 44 Targeting Accuracy 5 Item Schematics ----------------- None Robot Schematics ------------------ None Fabricated ------------ Nothing Repaired ---------- Nothing Studied --------- None Alien Tech Used ----------------- None Achievements -------------- None Challenges ------------ None Game ------ Seed SurgeDisintegrationCannon Manual? 0 Play Time 00:14:13 Cumulative 9.3 hours Start 2026.01.02 @ 08:52:14 End 2026.01.02 @ 09:06:10 Sessions 1 Manual Loads 0 Difficulty Rogue Special Mode None Game No. 9 Rogue 9 Adventurer 0 Explorer 0 Win Type - Total 0 Types 0/0/0/0/0/0/0/0/0/0 Lore% 3 Gallery% 6 Achievement% 7 Wizard Run 0 Options --------- Layout 0 ASCII 0 Keyboard 0 Movement Numpad Keybinds 0 Fullscreen 2 Font 18/SmallcapsGlow Map View 76x50 Zoom Use 0% Tactical HUD 0 Map Filters NONE Filters NONE Steam 1 RUN: 69768f50-b067-491f-a4dd-cc0f210aa7b0